 Dungeon Crawl Stone Soup version 0.29-a0-2-g12fcac58f8 (webtiles) character file.

Game seed: 7052198259968626665

92 Angani the Ruffian (level 4, -1/36 (38) HPs)
             Began as a Draconian Gladiator on Jan 27, 2022.
             Was a Follower of Elyvilon.
             Killed from afar by an orc wizard (4 damage)
             ... with a puff of flame
             ... on level 3 of the Dungeon.
             The game lasted 00:02:55 (2024 turns).

Angani the Ruffian (Draconian Gladiator)            Turns: 2024, Time: 00:02:55

HP:   -1/36 (38)    AC:  5    Str: 22    XL:     4   Next: 35%
MP:   4/4           EV: 13    Int:  8    God:    Elyvilon [*.....]
Gold: 74            SH:  0    Dex: 15    Spells: 3/3 levels left

rFire   . . .      SeeInvis .     - Unarmed
rCold   . . .      Faith    .   (no shield)
rNeg    . . .      Spirit   .   (armour unavailable)
rPois   .          Reflect  .   a - +0 hat
rElec   .          Harm     .   (no cloak)
rCorr   .          Rampage  .   (no gloves)
Will    +....                   (no boots)
Stlth   +.........              (no amulet)
HPRegen 0.12/turn               f - +6 ring of strength
MPRegen 0.09/turn               k - ring of willpower

@: drained
A: AC +5, unfitting armour, cold-blooded
a: Renounce Religion, Purification


You were on level 3 of the Dungeon.
You worshipped Elyvilon.
Elyvilon was aware of your devotion.
You visited 1 branch of the dungeon, and saw 3 of its levels.

You collected 74 gold pieces.

Inventory:

Missiles
 b - 3 throwing nets (quivered)
Armour
 a - a +0 hat (worn)
Jewellery
 f - a +6 ring of strength (left hand)
 k - a ring of willpower (right hand)
Scrolls
 c - 2 scrolls of identify {unknown}
 d - 2 scrolls of enchant weapon {unknown}
 i - a scroll of noise {unknown}
 j - 3 scrolls of magic mapping {unknown}
Potions
 e - a potion of haste {unknown}
 g - a potion of curing {unknown}
 h - 3 potions of might {unknown}
 l - a potion of attraction {unknown}


   Skills:
 + Level 3.4 Fighting
 - Level 1.7 Throwing
 + Level 3.4 Dodging
 + Level 3.9 Unarmed Combat


You had 3 spell levels left.
You didn't know any spells.
Your spell library was empty.

Dungeon Overview and Level Annotations

Branches:
Dungeon (3/15)

Altars:
Elyvilon
Nemelex Xobeh


Innate Abilities, Weirdness & Mutations

Your plain brown scales are hard. (AC +5)
You cannot fit into any form of body armour.
You are cold-blooded and may be slowed by cold attacks.


Message History

You kill the ball python!
The orc barely misses you.
You punch the orc!
You kill the orc!
You hit the orc.
Your tail-slap misses the orc.
The orc is severely wounded.
The orc closely misses you.
You closely miss the orc. You tail-slap the orc.
You kill the orc!
You closely miss the orc.
The orc hits you with a +2 mace of draining.
You feel drained.
You hit the orc.
The orc is almost dead.
The orc hits you with a +2 mace of draining.
You feel drained.
You hit the orc.
You kill the orc!
You closely miss the orc wizard. The orc wizard barely misses you.
You completely miss the orc wizard.
Your tail-slap misses the orc wizard.
The orc wizard hits you but does no damage.
You hit the orc wizard.
The orc wizard is lightly wounded.
The orc wizard hits you with a +0 dagger.
You barely miss the orc wizard.
You tail-slap the orc wizard, but do no damage.
The orc wizard is lightly wounded.
The orc wizard gestures at you while chanting.
The puff of flame hits you.
You hit the orc wizard.
The orc wizard is moderately wounded.
The orc wizard hits you but does no damage.
The orc priest invokes the aid of Beogh against you.
Beogh smites you!
* * * LOW HITPOINT WARNING * * *
The orc priest calls upon Beogh to heal the orc wizard.
The orc wizard's wounds heal themselves!
The orc wizard gestures at you while chanting.
The puff of flame hits you.
You die...

####### #.....###
##..#...####
#########.....ow)### #.....#
####@###o..#
##..##(######.o.o##......
##8..8#........##.## ##...
#......[.......##..####### ##
#...>..........###......# ..
##8..8#........########w# .#
##..##.........## #.#####..
#..............### #...#...^
#########.<......######ow..##


You could see an orc wizard, a dart slug and 2 orcs.

Vanquished Creatures
  3 adders
  3 worms (D:2)
  4 orcs (D:3)
  4 ball pythons
  4 endoplasms
  3 giant cockroaches
  4 goblins
  5 hobgoblins
  4 jackals (D:2)
  3 bats
  5 frilled lizards
  4 kobolds
  6 rats
52 creatures vanquished.

Notes
Turn   | Place    | Note
-------+----------+-------------------------------------------
     0 | D:1      | Angani the Draconian Gladiator began the quest for the Orb.
     0 | D:1      | Reached XP level 1. HP: 17/17 MP: 1/1
   161 | D:1      | Reached XP level 2. HP: 6/25 MP: 2/2
   546 | D:1      | You fall into a shaft and drop 1 floor!
   654 | D:1      | Found a sparkling altar of Nemelex Xobeh.
  1034 | D:2      | Reached XP level 3. HP: 28/30 MP: 3/3
  1246 | D:2      | Found a faded altar of an unknown god.
  1268 | D:2      | Prayed at the altar of an unknown god.
  1268 | D:2      | Became a worshipper of Elyvilon the Healer
  1268 | D:2      | Reached * piety under Elyvilon
  1614 | D:2      | Reached XP level 4. HP: 37/38 MP: 4/4
  2024 | D:3      | Killed from afar by an orc wizard

Illustrated notes

Levels and vault maps discovered:
D:1:      dpeg_arrival_lava_altar, layout_basic, hangedman_decor_clover_reticule
D:2:      layout_basic, nicolae_ecumenical_lake_church, minmay_tromino_i4
D:3:      layout_rooms, grunt_gozag_breadcrumbs, gammafunk_ghost_mausoleum,
          st_stairs_6

Skill      XL: |  1  2  3 |
---------------+----------+-----
Dodging        | 3 |  3.4
Fighting       | 3 |  3.4
Throwing       | |  1.7
Unarmed Combat | |  3.9

Action                   |  1- 3 |  4- 6 || total
-------------------------+-------+-------++-------
Melee: Unarmed           |   133 |    46 ||   179
       Punch             |     3 |     2 ||     5
       Tailslap          |    16 |     8 ||    24
 Stab: Sleeping          |       |     1 ||     1
Armor: Skin              |    24 |    14 ||    38
Dodge: Dodged            |    88 |    21 ||   109

Table legend: (Time is in decaauts)
 A = Elapsed time spent in this place.
 B = Non-inter-level travel time spent in this place.
 C = Inter-level travel time spent in this place.
 D = Time resting spent in this place.
 E = Time spent auto-exploring this place.
 F = Levels seen in this place.
 G = Mean time per level.
                   A        B        C        D        E       F      G
               +--------+--------+--------+--------+--------+-----+--------+
         Total |   2018 |   1941 |     77 |    327 |   1209 |   3 |  672.7 |
       Dungeon |   2018 |   1941 |     77 |    327 |   1209 |   3 |  672.7 |
               +--------+--------+--------+--------+--------+-----+--------+

Top non-repeatable levels by time:
     D:2: 1048 daAuts
     D:1: 845 daAuts
     D:3: 123 daAuts
